 Dungeon Crawl Stone Soup version 0.32-a0-290-g598725c5f2 (webtiles) character file.

Game seed: 797359713013453521

4929 Newt the Fighter (level 10, -4/88 HPs)
             Began as a Barachi Fighter on Feb 12, 2024.
             Was a Follower of Okawaru.
             Slain by a shadow (9 damage)
             ... on level 10 of the Dungeon on Feb 13, 2024.
             The game lasted 00:12:51 (11232 turns).

Newt the Fighter (Barachi Fighter)                 Turns: 11232, Time: 00:12:52

Health: -4/88      AC: 15    Str: 21    XL:     10   Next: 52%
Magic:  10/10      EV:  9    Int:  8    God:    Okawaru [*.....]
Gold:   601        SH:  5    Dex: 15    Spells: 9/9 levels left

rFire   . . .        D - +0 falchion of the Fortifying Viper {venom, Str+2}
rCold   + . .        c - +0 buckler
rNeg    + . .        b - +0 scale mail
rPois   .            p - +2 helmet
rElec   .            d - +0 cloak
rCorr   .            M - +0 pair of gloves
SInv    .            x - +0 pair of boots
Will    .....        (no amulet) Stlth
                     m - ring of positive energy
HPRegen 0.34/turn    s - ring of protection from cold
MPRegen 0.12/turn

%: no passive effects
@: unable to hop, hasted and slowed, slow
A: amphibious, slowness 1, strong legs 1, +LOS
a: Hop, Renounce Religion, Heroism


You were on level 10 of the Dungeon.
You worshipped Okawaru.
Okawaru was aware of your devotion.
You visited 2 branches of the dungeon, and saw 11 of its levels.

You collected 601 gold pieces.

Inventory:

Hand Weapons
 a - a +0 long sword
 v - a +2 falchion of holy wrath
 D - the +0 falchion of the Fortifying Viper (weapon) {venom, Str+2}
   (You found it on level 8 of the Dungeon)

   Str+2:     It affects your strength (+2).
 E - a +0 dagger
 J - a +3 scimitar
Missiles
 j - 33 poisoned darts (quivered)
 C - a boomerang
 H - a throwing net
 N - 2 curare-tipped darts
Armour
 b - a +0 scale mail (worn)
 c - a +0 buckler (worn)
 d - a +0 cloak (worn)
 p - a +2 helmet (worn)
 x - a +0 pair of boots (worn)
 F - the orb of Icholeej {*Rage, Dex-2 Stlth+ Conj Earth}
   (You found it on level 5 of the Dungeon)

   Dex-2:     It affects your dexterity (-2).
   Stlth+:    It makes you more stealthy.
   Conj:      It increases the power of your Conjurations spells.
   Earth:     It increases the power of your Earth spells.
 M - a +0 pair of gloves (worn)
Jewellery
 g - a ring of fire
 m - a ring of positive energy (left hand)
 s - a ring of protection from cold (right hand)
 L - a ring of wizardry
 O - an amulet of magic regeneration
Wands
 l - a wand of quicksilver (7)
 z - a wand of flame (38)
 I - a wand of mindburst (8)
Scrolls
 h - 5 scrolls of teleportation
 n - a scroll of silence
 q - a scroll of fog
 r - a scroll of fear
 u - 2 scrolls of immolation
 y - a scroll of blinking
 A - 3 scrolls of revelation
 B - a scroll of amnesia
Potions
 e - 4 potions of haste
 f - a potion of invisibility
 i - a potion of cancellation {unknown}
 k - a potion of curing
 o - 2 potions of lignification {unknown}
 t - a potion of might
 w - a potion of degeneration {unknown}
 G - a potion of mutation {unknown}
 K - a potion of attraction {unknown}


   Skills:
 + Level 11.2 Fighting
 * Level 9.7 Long Blades
 - Level 4.0 Throwing
 - Level 8.1 Armour
 - Level 5.0 Shields
 - Level 5.4 Evocations


You had 9 spell levels left.
You didn't know any spells.
Your spell library contained the following spells:

 Spells                   Type           Power      Damage    Failure   Level
 Apportation              Tloc           0%         N/A       77%         1
 Magic Dart               Conj           0%         1d3       77%         1
 Necrotise                Necr           0%         1d4       77%         1
 Sandblast                Erth           0%         2d4       77%         1
 Sting                    Conj/Alch      0%         1d3       77%         1
 Blink                    Tloc           0%         N/A       88%         2
 Static Discharge         Conj/Air       0%         3-3/arc   88%         2
 Sublimation of Blood     Necr           0%         N/A       88%         2
 Hailstorm                Conj/Ice       0%         3d5       98%         3
 Passwall                 Erth           0%         N/A       98%         3
 Stone Arrow              Conj/Erth      0%         3d7       98%         3
 Volatile Blastmotes      Fire/Tloc      0%         2d10      98%         3
 Airstrike                Air            0%         2d(0-16)  100%        4
 Brom's Barrelling Bould  Conj/Erth      0%         2d3       100%        4
 Fulminant Prism          Conj/Alch      0%         3d5       100%        4
 Iskenderun's Mystic Bla  Conj/Tloc      0%         2d3       100%        4
 Summon Small Mammal      Summ           Unusable   N/A       N/A         1
 Call Imp                 Summ           Unusable   N/A       N/A         2
 Summon Ice Beast         Ice/Summ       Unusable   N/A       N/A         3
 Summon Lightning Spire   Summ/Air       Unusable   N/A       N/A         4
 Sculpt Simulacrum        Ice/Alch       Unusable   N/A       N/A         6
 Summon Hydra             Summ           Unusable   N/A       N/A         7

Dungeon Overview and Level Annotations

Branches:
Dungeon (10/15)            Temple (1/1) D:6            Lair (0/5) D:8
    Orc: D:9-12

Altars:
Ashenzari
Cheibriados
Dithmenos
Elyvilon
Fedhas
Gozag
Hepliaklqana
Kikubaaqudgha
Makhleb
Okawaru
Qazlal
Ru
Sif Muna
Trog
Uskayaw
Vehumet
Wu Jian
Xom
Yredelemnul
Zin
The Shining One

Shops:
D:1 *   D:8 [

Annotations:
D:5 1 runed translucent door, Ceno's ghost, novice NaIE


Innate Abilities, Weirdness & Mutations

You are amphibious.
You cover ground slowly.
You can hop short distances.
You have an extended range of vision and can be seen from far away.


Message History

The gnoll hits you from afar with a +0 spear.
* * * LOW HITPOINT WARNING * * *
Unknown command.
The gnoll attacks as it pursues you!
The gnoll hits you from afar with a +0 spear.
* * * LOW HITPOINT WARNING * * *
The shadow barely misses you. The gnoll barely misses you.
Things that are here:
a yak skeleton; a yak skeleton The shadow attacks as it pursues you!
The shadow hits you!
* * * LOW HITPOINT WARNING * * *
The shadow barely misses you. The gnoll completely misses you.
Hop to where?
Press: ? - help, Dir - move target Boing!
Unknown command.
There is an open door here.
The shadow hits you.
* * * LOW HITPOINT WARNING * * *
You feel better.
The shadow slips into darkness.
The shadow flickers and vanishes!
Deactivating autopickup; reactivate with Ctrl-A.
You feel yourself speed up.
The shadow strikes at you from the darkness!
Reactivating autopickup.
The gnoll barely misses you.
The shadow slips into darkness.
The shadow flickers and vanishes!
Deactivating autopickup; reactivate with Ctrl-A.
The gnoll barely misses you.
The shadow strikes at you from the darkness!
* * * LOW HITPOINT WARNING * * *
Reactivating autopickup.
The gnoll attacks as it pursues you! The gnoll hits you but does no damage.
The shadow slips into darkness.
The shadow flickers and vanishes!
Deactivating autopickup; reactivate with Ctrl-A.
The shadow strikes at you from the darkness!
You die...

.... .... .....
.... ...... ....
.....# .... ....#
.... #####..# ....
#.@.#..########....
#.{.#.....g..g.....
#...#.....#####....
#..g#...g.# ....
#.gg#.....# ....
#...g.....# .g..
#####.....# ....
#...Y........# ....
#.Y..........# ....


You could see a gnoll sergeant and 3 gnolls.

Vanquished Creatures
  A kobold demonologist (D:9)
  Grinder (D:5)
  A wraith (D:10)
  A wyvern (D:6)
  3 yaks (D:10)
  A steam dragon (D:8)
  A water moccasin (D:6)
  2 black bears
  2 sky beasts
  2 ogres (D:5)
  2 centaurs
  3 phantoms
  3 kobold brigands (D:9)
  2 bullfrogs
  A gnoll sergeant (D:7)
  5 scorpions
  5 wights (D:8)
  3 killer bees (D:9)
  4 howler monkeys
  4 hounds
  6 orc priests
  Crazy Yiuf (D:2)
  A bombardier beetle (D:4)
  2 jellies
  3 iguanas
  Natasha (thrice) (D:3)
  8 orc wizards
  Robin (D:4)
  13 gnolls
  11 adders
  2 river rats (D:4)
  4 shadow imps (D:6)
  6 ufetubi
  4 ribbon worms
  3 dart slugs
  36 orcs
  6 endoplasms
  4 giant cockroaches
  19 goblins
  16 hobgoblins
  3 quokkas (D:1)
  12 ball pythons
  4 bats
  4 frilled lizards
  14 kobolds
  5 rats
  A spectral kobold (D:9)
239 creatures vanquished.

Vanquished Creatures (others)
  An orc wizard (D:9)
1 creature vanquished.

Grand Total: 240 creatures vanquished

Notes
Turn   | Place    | Note
-------+----------+-------------------------------------------
     0 | D:1      | Newt the Barachi Fighter began the quest for the Orb.
     0 | D:1      | Reached XP level 1. HP: 18/18 MP: 1/1
    62 | D:1      | Reached XP level 2. HP: 21/25 MP: 2/2
   151 | D:1      | Reached skill level 4 in Fighting
   158 | D:1      | Found Georym's General Store.
   351 | D:1      | Reached XP level 3. HP: 29/30 MP: 3/3
   829 | D:2      | Found a faded altar of an unknown god.
  1094 | D:2      | Found a runed translucent door.
  1095 | D:2      | Noticed Crazy Yiuf
  1295 | D:2      | Killed Crazy Yiuf
  1296 | D:2      | Reached XP level 4. HP: 29/38 MP: 4/4
  1400 | D:3      | Reached skill level 5 in Long Blades
  1400 | D:3      | Reached XP level 5. HP: 36/43 MP: 5/5
  1632 | D:3      | Reached skill level 5 in Fighting
  1881 | D:3      | Found a radiant altar of Vehumet.
  2121 | D:3      | Noticed Natasha
  2128 | D:3      | Killed Natasha
  2264 | D:3      | Reached skill level 5 in Armour
  2264 | D:3      | Reached XP level 6. HP: 51/51 MP: 6/6
  2384 | D:3      | Found a glowing silver altar of Zin.
  2558 | D:3      | Noticed Natasha
  2570 | D:3      | Killed Natasha
  2748 | D:3      | Noticed Natasha
  2768 | D:3      | Killed Natasha
  3226 | D:4      | Noticed a black bear
  3238 | D:4      | Killed a black bear
  3239 | D:4      | Reached skill level 6 in Fighting
  3239 | D:4      | Reached skill level 5 in Shields
  3239 | D:4      | Reached XP level 7. HP: 34/58 MP: 7/7
  3672 | D:4      | Found a broken altar of Ashenzari.
  3748 | D:4      | Found a hide-covered altar of Uskayaw.
  3748 | D:4      | Found a stormy altar of Qazlal.
  4005 | D:4      | Reached skill level 7 in Fighting
  4348 | D:4      | Noticed Robin
  4371 | D:4      | Killed Robin
  4372 | D:4      | Reached XP level 8. HP: 50/67 MP: 8/8
  4541 | D:5      | Entered Level 5 of the Dungeon
  4757 | D:5      | Upgraded the game from 0.32-a0-172-gc5dd13f2a7 to
                  | 0.32-a0-290-g598725c5f2
  4929 | D:5      | Found an ancient bone altar of Kikubaaqudgha.
  4994 | D:5      | Found a runed translucent door.
  5282 | D:5      | Reached skill level 8 in Fighting
  5402 | D:5      | Noticed Grinder
  5408 | D:5      | Killed Grinder
  5445 | D:5      | Reached XP level 9. HP: 48/75 MP: 9/9
  5625 | D:5      | Noticed Ceno's ghost (novice NaIE)
  5768 | D:5      | Identified the orb of Icholeej {*Rage, Dex-2 Stlth+ Conj
                  | Earth}
  6216 | D:6      | Reached skill level 9 in Fighting
  6223 | D:6      | Reached skill level 1 in Throwing
  7006 | D:6      | Found a staircase to the Ecumenical Temple.
  7029 | Temple   | Entered the Ecumenical Temple
  7040 | Temple   | Became a worshipper of Warmaster Okawaru
  7453 | D:7      | Found a shadowy altar of Dithmenos.
  8005 | D:7      | Found an opulent altar of Gozag.
  8058 | D:7      | Identified the +0 robe of the Hidden Vale {Rampage Str-2
                  | Slay+2}
  8231 | D:8      | Reached skill level 1 in Evocations
  8233 | D:8      | Identified the +0 falchion of the Fortifying Viper {venom,
                  | Str+2}
  8261 | D:8      | Found Weituopte's Armour Shop.
  8301 | D:8      | Reached skill level 10 in Fighting
  8550 | D:8      | Reached * piety under Okawaru
  8972 | D:8      | Found a staircase to the Lair.
  9032 | D:8      | Reached XP level 10. HP: 32/86 MP: 10/10
  9355 | D:8      | Found a blossoming altar of Fedhas.
  9504 | D:9      | Reached skill level 5 in Evocations
 10418 | D:9      | Noticed a kobold demonologist
 10437 | D:9      | Noticed a sixfirhy
 10444 | D:9      | Killed a kobold demonologist
 10747 | D:9      | Found a hazy altar of Hepliaklqana.
 10902 | D:10     | Entered Level 10 of the Dungeon
 10948 | D:10     | Reached skill level 11 in Fighting
 11229 | D:10     | HP: 4/88 [something (13)]
 11232 | D:10     | Slain by a shadow

Illustrated notes

Levels and vault maps discovered:
D:1:      minmay_arrival_split_and_join, layout_rooms, serial_shops,
          nicolae_shop_just_a_little_nook, nicolae_the_louvre
D:2:      layout_loops_ring, shapermc_ecumenical_altar_gd,
          uniq_crazy_yiuf_cottage
D:3:      kennysheep_six_static_rooms, layout_basic, nicolae_vehumet_radiance,
          zin_treasury, st_stairs_12, uniq_natasha
D:4:      layout_loops_ring, mainiacjoe_overflow_divided_tiny,
          evilmike_ruin_ashenzari, portal_sewer_entry_b, st_stairs_14,
          serial_bayou_lake_a, uniq_robin
D:5:      layout_gridville, kennysheep_mini, ebering_ghost_reflecting_pool,
          uniq_grinder
D:6:      layout_gridville, minmay_temple_entry_ruins
D:7:      layout_cave_pools, nicolae_dithmenos_shadow_blocks,
          nicolae_overflow_crystal_walls
D:8:      layout_loops_ring, fedhas_altar_fruit_tree, lair_entry_dummy,
          serial_shops, shop
D:9:      layout_irregular_city, nicolae_hepliaklqana_monster_ancestors
D:10:     layout_irregular_city, nemelex_altar_shiori,
          minmay_orc_entry_temple_small, serial_glass, glass_columns_a,
          glass_columns_a
Temple:   bh_familiar_temple

Skill      XL: |  1  2  3  4  5  6  7  8  9 10 |
---------------+-------------------------------+-----
Long Blades    | 3 4 5 7 8 9 |  9.7
Fighting       | 4 5 6 7 8 10 11 | 11.2
Armour         | 5 7 8 |  8.1
Shields        | 5 |  5.0
Throwing       | 4 |  4.0
Evocations     | 4 5 |  5.4

Action                     |  1- 3 |  4- 6 |  7- 9 | 10-12 || total
---------------------------+-------+-------+-------+-------++-------
  Melee: Long sword        |    96 |   177 |    64 |       ||   337
         Falchion          |       |       |   515 |   241 ||   756
  Throw: Boomerang         |       |       |     9 |     1 ||    10
         Dart              |       |       |       |     6 ||     6
 Invoke: Heroism           |       |       |       |     1 ||     1
Ability: Hop               |       |     1 |     1 |     2 ||     4
  Evoke: Wand              |       |     1 |     1 |     1 ||     3
    Use: Potion            |     1 |     2 |     2 |     4 ||     9
         Scroll            |       |     4 |     4 |     2 ||    10
 Armour: Scale mail        |    75 |   133 |   429 |   281 ||   918
  Dodge: Dodged            |    55 |    85 |   219 |   118 ||   477
  Block: Buckler           |    23 |    37 |   139 |    76 ||   275

Table legend: (Time is in decaauts)
 A = Elapsed time spent in this place.
 B = Non-inter-level travel time spent in this place.
 C = Inter-level travel time spent in this place.
 D = Time resting spent in this place.
 E = Time spent auto-exploring this place.
 F = Levels seen in this place.
 G = Mean time per level.
                   A        B        C        D        E       F      G
               +--------+--------+--------+--------+--------+-----+--------+
         Total |  12358 |  11941 |    417 |   2650 |   7281 |  11 | 1123.5 |
       Dungeon |  12333 |  11940 |    393 |   2650 |   7281 |  10 | 1233.3 |
        Temple |     25 |      2 |     23 |      0 |      0 |   1 |   25.0 |
               +--------+--------+--------+--------+--------+-----+--------+

Top non-repeatable levels by time:
     D:3: 1907 daAuts
     D:6: 1700 daAuts
     D:4: 1617 daAuts
     D:5: 1617 daAuts
     D:9: 1497 daAuts
     D:8: 1378 daAuts
     D:2: 1028 daAuts
     D:7: 693 daAuts
     D:1: 552 daAuts
    D:10: 340 daAuts
  Temple: 25 daAuts
